 Dungeon Crawl Stone Soup version 0.30-a0-845-g7c6808c8ce (webtiles) character file.

Game seed: 6297056927296946798

129367 arthad the Convoker (level 16, -2/79 HPs)
             Began as a Felid Summoner on Mar 1, 2023.
             Was an Initiate of Gozag.
             Slain by a sun moth (3 damage)
             ... on level 4 of the Spider Nest on Mar 3, 2023.
             The game lasted 03:14:30 (44208 turns).

arthad the Convoker (Felid Summoner)               Turns: 44208, Time: 03:14:31

Health: -2/79      AC:  3    Str:  4    XL:     16   Next: 20%
Magic:  34/35      EV: 15    Int: 29    God:    Gozag
Gold:   2971       SH:  0    Dex: 18    Spells: 3/43 levels left
                                        Lives:  0   Deaths: 3

rFire   . . .      SeeInvis +      - Unarmed
rCold   + . .      Faith    .    (shield unavailable)
rNeg    . . .      Spirit   .    (body armour unavailable)
rPois   .          Reflect  .    (helmet unavailable)
rElec   .          Rampage  .    (cloak unavailable)
rCorr   .                        (gloves unavailable)
Will    ++...                    (boots unavailable)
Stlth   +                        q - amulet of magic regeneration
HPRegen 0.33/turn                h - +6 ring of intelligence
MPRegen 0.64/turn                l - ring of wizardry

@: held, slowed, glowing, studying Fighting, slow
A: very small, claws 1, fangs 3, see invisible, speed 1, shaggy fur 3, stealthy
paws, no weapons or thrown items, no armour, multi-lived
}: 1/15 runes: decaying
a: Renounce Religion, Potion Petition, Call Merchant, Bribe Branch


You were on level 4 of the Spider Nest.
You worshipped Gozag.
Gozag was most pleased with you.
You visited 6 branches of the dungeon, and saw 31 of its levels.
You also visited: Sewer.

You collected 13421 gold pieces.
You spent 2393 gold pieces at shops.
You paid 8057 gold pieces to Gozag.

Inventory:

Jewellery
 h - a +6 ring of intelligence (left paw)
 l - a ring of wizardry (right paw)
 q - an amulet of magic regeneration (around neck)
 x - the amulet of Music {Regen+ Str+3 Dex+2}
   (You found it on level 6 of the Dungeon)

   [amulet of regeneration]

   Str:       It affects your strength (+3).
   Dex:       It affects your dexterity (+2).
   Regen:     It increases your rate of health regeneration.
 y - a ring of protection from cold
 I - an amulet of the acrobat
 R - a ring of fire
 X - a ring of protection from fire
Wands
 j - a wand of polymorph (5)
 s - a wand of flame (48)
 D - a wand of roots (38)
 K - a wand of charming (16)
 P - a wand of mindburst (10)
 Y - a wand of digging (16)
Scrolls
 b - 2 scrolls of amnesia
 c - 6 scrolls of teleportation
 d - 7 scrolls of enchant weapon
 i - 5 scrolls of vulnerability
 m - 12 scrolls of noise
 o - 6 scrolls of poison
 p - 4 scrolls of fear
 r - 2 scrolls of silence
 u - 4 scrolls of immolation
 A - 2 scrolls of torment
 C - 6 scrolls of magic mapping
 E - 14 scrolls of identify
 H - 2 scrolls of enchant armour
 N - a scroll of brand weapon
 O - 3 scrolls of fog
 Q - 5 scrolls of blinking
 W - a scroll of butterflies
Potions
 a - 9 potions of magic
 e - 12 potions of curing
 g - 13 potions of brilliance
 k - 3 potions of mutation
 n - 2 potions of ambrosia
 t - 4 potions of flight
 v - 4 potions of might
 w - 4 potions of haste
 z - 6 potions of attraction
 B - 6 potions of resistance
 F - 2 potions of lignification
 G - 2 potions of cancellation
 J - a potion of invisibility
 V - 2 potions of heal wounds
Miscellaneous
 f - a condenser vane
 L - a lightning rod (2/4)
 M - a phial of floods
 T - a phantom mirror


   Skills:
 + Level 13.7 Fighting
 + Level 15.3 Dodging
 - Level 2.6 Stealth
 + Level 11.9 Unarmed Combat
 + Level 14.1 Spellcasting
 + Level 5.7 Hexes
 * Level 17.2 Summonings
 - Level 10.0 Translocations
 + Level 8.1 Transmutations
 - Level 10.0 Air Magic
 - Level 8.0 Evocations


You had 3 spell levels left.
You knew the following spells:

 Your Spells              Type           Power      Damage    Failure   Level
a - Summon Mana Viper     Hex/Summ       72%        N/A       1%          5
b - Yara's Violent Unrav  Hex/Tmut       28%        3d12      1%          5
c - Call Canine Familiar  Summ           88%        N/A       0%          3
d - Summon Guardian Gole  Hex/Summ       72%        N/A       1%          3
e - Summon Lightning Spi  Summ/Air       79%        N/A       1%          4
f - Summon Forest         Summ/Tloc      39%        N/A       1%          5
g - Monstrous Menagerie   Summ           44%        N/A       1%          7
h - Summon Cactus Giant   Summ           44%        N/A       1%          6
i - Blink                 Tloc           100%       N/A       1%          2

Your spell library contained the following spells:

 Spells                   Type           Power      Damage    Failure   Level
 Summon Small Mammal      Summ           100%       N/A       0%          1
 Call Imp                 Summ           88%        N/A       0%          2
 Beastly Appendage        Tmut           100%       N/A       1%          1
 Freeze                   Ice            80%        1d9       1%          1
 Kiss of Death            Conj/Necr      80%        2d11      1%          1
 Magic Dart               Conj           80%        1d7       1%          1
 Necrotise                Necr           80%        1d8       1%          1
 Sting                    Tmut/Pois      100%       1d8       1%          1
 Ensorcelled Hibernation  Hex/Ice        74%        N/A       1%          2
 Lesser Beckoning         Tloc           100%       N/A       1%          2
 Momentum Strike          Conj/Tloc      98%        3d10      1%          2
 Passwall                 Tmut/Erth      36%        N/A       1%          2
 Poisonous Vapours        Pois/Air       98%        N/A       1%          2
 Searing Ray              Conj           40%        2d5       1%          2
 Wereblood                Tmut           61%        N/A       1%          2
 Confusing Touch          Hex            52%        N/A       1%          3
 Gell's Gravitas          Tloc           68%        N/A       1%          3
 Ignite Poison            Fire/Tmut/Pois 36%        N/A       1%          3
 Inner Flame              Hex/Fire       37%        N/A       1%          3
 Mephitic Cloud           Conj/Pois/Air  39%        N/A       1%          3
 Spider Form              Tmut/Pois      44%        N/A       1%          3
 Swiftness                Air            68%        N/A       1%          3
 Teleport Other           Tloc           68%        N/A       1%          3
 Tukima's Dance           Hex            52%        N/A       1%          3
 Frozen Ramparts          Ice            40%        1d7       3%          3
 Hailstorm                Conj/Ice       20%        3d6       3%          3
 Stone Arrow              Conj/Erth      40%        3d9       3%          3
 Vampiric Draining        Necr           20%        2d7       3%          3
 Ice Form                 Ice/Tmut       44%        N/A       1%          4
 Passage of Golubria      Tloc           68%        N/A       1%          4
 Summon Ice Beast         Ice/Summ       63%        N/A       1%          4
 Summon Hydra             Summ           44%        N/A       1%          7
 Fulminant Prism          Conj/Hex       18%        3d10      3%          4
 Dispel Undead            Necr           20%        3d11      10%         4
 Flame Wave               Conj/Fire      20%        2d7       10%         4
 Olgreb's Toxic Radiance  Pois           20%        N/A       10%         4
 Sticky Flame             Conj/Fire      20%        2d4       10%         4
 Spellforged Servitor     Conj/Summ      31%        N/A       24%         7
 Agony                    Necr           20%        N/A       26%         5
 Iskenderun's Battlesphe  Conj           20%        2d7       26%         5
 Eringya's Noxious Bog    Tmut/Pois      22%        N/A       26%         6
 Statue Form              Tmut/Erth      29%        N/A       26%         6
 Iron Shot                Conj/Erth      10%        9d3       80%         6
 Ignition                 Fire           10%        3d5       100%        8
 Lehudib's Crystal Spear  Conj/Erth      10%        10d4      100%        8
 Animate Armour           Summ/Erth      Unusable   N/A       N/A         4

Dungeon Overview and Level Annotations

Branches:
Dungeon (15/15)            Temple (1/1) D:5            Lair (5/5) D:10
  Swamp (4/4) Lair:3       Spider (4/4) Lair:3        Slime (0/5) Lair:4
    Orc (2/2) D:11            Elf (0/3) Orc:2        Vaults (0/5) D:13
  Sewer (visited)
 Depths: D:15

Altars:
Ashenzari
Cheibriados
Dithmenos
Gozag
Hepliaklqana
Kikubaaqudgha
Makhleb
Nemelex Xobeh
Okawaru
Qazlal
Ru
Sif Muna
Trog
Uskayaw
Vehumet
Wu Jian
Xom
Yredelemnul
Zin
The Shining One
Jiyva

Shops:
D:4 [   Orc:2 ===?   Lair:1 =!:   Lair:5 :   Swamp:3 =:   Spider:3 !

Annotations:
D:10 2 runed translucent doors
D:12 exclusion: obsidian statue
Lair:4 1 runed translucent door
Lair:5 exclusion: obsidian statue


Innate Abilities, Weirdness & Mutations

You have sharp claws.
You have razor-sharp teeth.
You have supernaturally acute eyesight. (SInv)
You cover ground quickly. (Speed+)
Your thick and shaggy fur keeps you warm. (AC +3, rC+)
Your paws help you pounce on unaware monsters.
You are incapable of wielding weapons or throwing items.
You cannot wear armour.
You gain extra lives every three experience levels.


Message History

You swap places.
Your lindwurm disappears in a puff of smoke!
You now have 2965 gold pieces (gained 21).
You swap places.
You enter the shallow water.
Moving in this stuff is going to be slow.
Your lindwurm disappears in a puff of smoke!
You now have 2971 gold pieces (gained 6).
You swap places.
Your warg is caught in a web!
Your warg struggles to get unstuck from the web.
Your warg pulls away from the web.
You enter the shallow water.
Moving in this stuff is going to be slow.
You are caught in the web!
There is a web here.
You disentangle yourself.
Your warg is caught in a web!
Your warg pulls away from the web.
You open the door. 2 spiders, an emperor scorpion, a torpor snail, a jorogumo, a moth of wrath and a spark wasp come into view.
The jumping spider's many legs skitter faintly.
The culicivora's many legs skitter faintly.
Being near the torpor snail leaves you feeling lethargic.
A sun moth comes into view.
Found eight items.
Casting: Summon Mana Viper (dangerous; 1% risk of failure)
Confirm with . or Enter, or press ? or * to list all spells.
You blink.
You are caught in the web!
A sun moth comes into view.
The spark wasp buzzes angrily.
The spark wasp stings you!! The spark wasp shocks you!
The moth of wrath goads the culicivora on!
The culicivora goes berserk!
The spark wasp stings you!!
* * * LOW HITPOINT WARNING * * *
The spark wasp shocks you!
* * * LOW HITPOINT WARNING * * *
The sun moth bites you.
You die...
Your body crumbles into a pile of gold.

#.......~~≈≈≈######≈≈≈≈≈~..^.#.
##^......~≈~≈##^.#^###≈≈≈~.....^
#~....#..~≈≈##~^..#~^#≈≈≈~.^#..#
#^.^....^~~≈#.^.w...^##≈≈~....^#
#^.^..^.#^#≈#~.s!!..~.#≈≈~..^##.
#...^.^.#^h§'.s[![y.^##≈≈~^...~.
#^..^..~.^.~#H#!φ!.~^#≈≈~~..#.^.
##......^~≈≈#~yys.~^##≈≈~~....^^
#.......~≈≈##~@y..##≈≈~~~^....#
#^......~≈≈≈##^.#^#≈≈≈≈~.^...#^
#^......~≈≈≈≈######≈≈≈~~......~
##...^...~~~≈≈≈≈≈≈≈≈≈~~~.^....#.
#^...#.....~≈≈≈≈≈≈≈≈≈~~...^....~
#~.........~~~~~~~~~~~....§.....
#~#..^....#.#.#.^..##~........~.
##.^..^....#~....#.........§^.^~
###........~.........~^.....^#^


You could see an emperor scorpion, a jorogumo, 2 sun moths, a spark wasp, a
torpor snail, a moth of wrath, a culicivora (berserk) and a jumping spider.

Vanquished Creatures
  2 ghost moths
  4 dire elephants
  An entropy weaver (Spider:1)
  A death yak (D:10)
  3 orc high priests (Orc:2)
  3 nameless horrors
  A deep elf pyromancer (D:15)
  A necromancer (Lair:5)
  A wolf spider (Spider:1)
  An elephant (Lair:2)
  A demonic crawler (Spider:4)
  A moth of wrath (Spider:4)
  A torpor snail (Spider:4)
  4 blink frogs
  A tarantella (Spider:1)
  3 jumping spiders
  4 yaks
  A vampire (D:11)
  A shadow (D:12)
  A water moccasin (Lair:3)
  3 orc warriors
  3 ogres (D:13)
  2 wolves
  3 killer bees (D:8)
  3 electric eels
  An orc priest (Orc:2)
  2 orc wizards (Orc:2)
  An orc (Orc:2)
  A bat (D:2)
  A goblin (D:1)
  A jackal (D:2)
  2 quokkas (D:1)
  A goblin zombie (D:11)
  2 kobolds
62 creatures vanquished.

Vanquished Creatures (collateral kills)
  Rupert (Spider:1)
  Gastronok (Lair:3)
  Kirke (D:12)
  An emperor scorpion (Spider:2)
  2 fenstrider witches
  4 broodmothers
  13 eleionomae
  6 bunyips
  A dire elephant (Lair:5)
  A spark wasp (Spider:4)
  5 entropy weavers
  6 shambling mangroves
  Harold (Orc:1)
  A jorogumo (Spider:2)
  A vault guard (D:13)
  23 hydras
  Fannar (D:11)
  3 centaur warriors
  9 boulder beetles
  5 radroaches
  A ghost crab (Swamp:4)
  A death scarab (Spider:3)
  A two-headed ogre (D:12)
  8 death yaks
  6 alligators
  Urug (D:13)
  A tengu warrior (D:13)
  An orc high priest (Orc:2)
  A spectral death yak (Lair:5)
  2 sun moths (Spider:4)
  5 pharaoh ants
  A spectral anaconda (Lair:5)
  2 spriggan druids
  2 goliath frogs (Swamp:2)
  5 spectral wolf spiders (Spider:4)
  9 orb spiders
  8 bog bodies
  13 swamp dragons
  3 wolf spider zombies (Spider:4)
  A wizard (D:11)
  A lindwurm (Orc:1)
  3 ugly things
  2 necromancers (Lair:5)
  2 orc knights (Orc:2)
  8 steelbarb worms
  2 orc sorcerers
  2 deep elf pyromancers
  6 cyclopes
  36 wolf spiders
  3 will-o-the-wisps
  27 elephants
  7 slime creatures
  10 demonic crawlers
  7 torpor snails
  A water nymph (shapeshifter) (D:15)
  6 black mambas
  Maurice (D:13)
  An orange demon (Lair:2)
  8 cane toads
  An unseen horror (D:11)
  A kobold demonologist (D:14)
  3 yaktaurs (D:15)
  An efreet (D:13)
  An ice devil (Lair:2)
  8 komodo dragons
  2 tengu conjurers
  6 trolls
  8 wolf spider simulacra (Spider:4)
  A bloated husk (Swamp:4)
  Grinder (Sewer)
  4 nameless horrors
  18 tarantellas
  10 tyrant leeches
  20 hornets
  A polar bear (Lair:5)
  3 spectral elephants (Lair:5)
  12 blink frogs
  3 shadows
  2 large abominations (D:11)
  15 spriggans
  17 culicivoras
  A centaur simulacrum (D:15)
  19 jumping spiders
  6 wraiths
  3 vampires
  A water elemental (D:14)
  37 yaks
  A dire elephant simulacrum (Lair:5)
  4 wyverns
  3 hogs (D:12)
  Grum (D:11)
  4 basilisks
  42 redbacks
  2 steam dragons
  3 death yak simulacra (Lair:5)
  2 wargs
  5 vampire mosquitoes
  A spectral cane toad (Lair:5)
  10 swamp worms
  11 water moccasins
  14 orc warriors
  A black bear (Lair:2)
  6 swamp drakes (Swamp:4)
  3 elephant zombies (Lair:5)
  3 small abominations (D:11)
  6 ogres
  18 wolves
  4 centaurs
  3 phantoms
  5 kobold brigands
  11 bullfrogs
  A scorpion (D:5)
  2 troll zombies (D:11)
  12 killer bees
  An elephant simulacrum (Lair:5)
  3 jellies
  A quasit (Sewer)
  22 orc priests
  2 gnoll boudas (D:7)
  2 hounds
  2 iguanas (D:4)
  Natasha (thrice) (D:3)
  25 orc wizards
  6 hell rats (Lair:4)
  Terence (D:2)
  4 ogre zombies (D:11)
  7 gnolls (D:7)
  5 adders
  A white imp (D:7)
  8 ufetubi
  2 worms
  An adder zombie (Sewer)
  2 dart slugs
  49 orcs
  9 ball pythons
  5 bats
  3 endoplasms
  3 giant cockroaches
  9 goblins
  9 hobgoblins
  2 jackals (D:2)
  43 kobolds
  5 quokkas
  4 frilled lizards (D:1)
  A goblin skeleton (D:11)
  2 goblin zombies (D:11)
  2 hobgoblin zombies (D:11)
  5 kobold zombies (Sewer)
  3 orc skeletons (D:11)
  10 orc zombies (D:11)
  5 rats
941 creatures vanquished.

Vanquished Creatures (others)
  Josephine (D:11)
  A hydra (Swamp:4)
  2 death yaks (D:10)
  A boulder beetle (D:13)
  A tengu warrior (D:14)
  Lodul (D:13)
  Amaemon (Lair:2)
  A deep elf pyromancer (D:12)
  A nameless horror (Lair:2)
  2 manticores (D:13)
  4 ugly things (D:14)
  3 elephants
  2 cane toads
  A komodo dragon (Lair:2)
  A yaktaur (D:15)
  An ice devil (Lair:2)
  2 trolls
  5 bloated husks
  A troll (shapeshifter) (D:14)
  A tyrant leech (Swamp:2)
  A tarantella (Spider:4)
  3 large abominations (D:11)
  A jumping spider (Lair:3)
  2 slime creatures
  A culicivora (Spider:1)
  A spriggan (Lair:1)
  A wyvern (Lair:3)
  2 water elementals (D:14)
  5 yaks
  A basilisk (shapeshifter) (D:14)
  A basilisk (Lair:3)
  A steam dragon (D:10)
  A vampire mosquito (D:11)
  Edmund (D:6)
  An orc warrior (D:7)
  4 small abominations (D:11)
  2 ice beasts
  2 ogres (D:13)
  5 centaurs
  4 killer bees (D:7)
  A kobold zombie (Sewer)
  16 foxfires
  83 fungi
  195 plants
  A snaplasher vine (Lair:3)
  21 withered plants (Lair:5)
390 creatures vanquished.

Grand Total: 1393 creatures vanquished

Notes
Turn   | Place    | Note
-------+----------+-------------------------------------------
     0 | D:1      | arthad the Felid Summoner began the quest for the Orb.
     0 | D:1      | Reached XP level 1. HP: 7/7 MP: 4/4
   203 | D:1      | Reached XP level 2. HP: 11/11 MP: 3/6
   214 | D:1      | Learned a level 2 spell: Call Imp
   480 | D:1      | Found a faded altar of an unknown god.
   614 | D:1      | Reached skill level 5 in Summonings
   614 | D:1      | Reached XP level 3. HP: 14/14 MP: 4/7
   624 | D:1      | Learned a level 3 spell: Call Canine Familiar
  1195 | D:2      | Noticed Terence
  1368 | D:2      | Reached skill level 1 in Hexes
  1453 | D:2      | Killed Terence
  1454 | D:2      | Reached XP level 4. HP: 17/18 MP: 4/8
  2474 | D:3      | Identified the +0 ring mail of the Endless Expanse {Harm
                  | Dex+3}
  2716 | D:3      | Noticed Natasha
  2725 | D:3      | Killed Natasha
  2807 | D:3      | Noticed Natasha
  2809 | D:3      | Reached XP level 5. HP: 18/21 MP: 5/10
  2816 | D:3      | Killed Natasha
  2825 | D:3      | Noticed Natasha
  2831 | D:3      | Killed Natasha
  2902 | D:3      | Learned a level 3 spell: Summon Guardian Golem
  3741 | D:4      | Gained mutation: You are covered in thick fur. (AC +2)
                  | [Felid growth]
  3741 | D:4      | Reached XP level 6. HP: 25/25 MP: 1/11
  3837 | D:4      | Found Wuisija's Armour Shop.
  4045 | D:4      | Reached skill level 1 in Air Magic
  4681 | D:5      | Entered Level 5 of the Dungeon
  4845 | D:5      | Noticed an ice beast
  4876 | D:5      | Killed an ice beast
  4877 | D:5      | Reached skill level 1 in Fighting
  4877 | D:5      | Reached skill level 1 in Unarmed Combat
  4877 | D:5      | Reached skill level 6 in Summonings
  5467 | D:5      | Found a staircase to the Ecumenical Temple.
  5677 | Temple   | Entered the Ecumenical Temple
  5839 | Temple   | Became a worshipper of Gozag Ym Sagoz the Greedy
  5918 | D:5      | Reached XP level 7. HP: 28/28 MP: 6/13
  6150 | D:6      | Reached skill level 5 in Hexes
  6152 | D:6      | Noticed a steam dragon
  6162 | D:6      | Killed a steam dragon
  6316 | D:6      | Identified the amulet of Music {Regen+ Str+3 Dex+2}
  6329 | D:6      | Learned a level 4 spell: Summon Lightning Spire
  6576 | D:6      | Noticed Edmund
  6613 | D:6      | Killed Edmund
  6614 | D:6      | Reached XP level 8. HP: 33/33 MP: 2/15
  6759 | D:6      | Found a glowing drain.
  6768 | Sewer    | Entered a sewer
  6980 | Sewer    | Found a burning altar of Makhleb.
  7063 | Sewer    | Noticed Grinder
  7083 | Sewer    | Killed Grinder
  7327 | Sewer    | Reached skill level 7 in Summonings
  7892 | D:7      | Reached skill level 5 in Spellcasting
  8044 | D:7      | Reached skill level 5 in Dodging
  8195 | D:7      | Reached XP level 9. HP: 37/37 MP: 4/18
  8363 | D:7      | Identified the +7 mace of the Beginning {antimagic, Str+2}
  9074 | D:8      | Identified the +6 falchion "Wanneocs" {flame, rF- Int+6}
  9264 | D:8      | Found a basalt altar of Yredelemnul.
  9996 | D:8      | Reached skill level 8 in Summonings
  9996 | D:8      | Reached skill level 5 in Air Magic
 10222 | D:8      | Reached XP level 10. HP: 42/42 MP: 10/20
 11415 | D:9      | Reached skill level 9 in Summonings
 11795 | D:10     | Entered Level 10 of the Dungeon
 11881 | D:10     | Noticed a death yak
 11890 | D:10     | Noticed a death yak
 11891 | D:10     | Noticed a death yak
 11891 | D:10     | Noticed a death yak
 11893 | D:10     | Noticed a death yak
 11895 | D:10     | Noticed a death yak
 11897 | D:10     | Noticed a death yak
 11903 | D:10     | Noticed a death yak
 11905 | D:10     | Killed a death yak
 11908 | D:10     | Killed a death yak
 11909 | D:10     | Reached skill level 5 in Fighting
 11911 | D:10     | Killed a death yak
 11912 | D:10     | Reached skill level 5 in Unarmed Combat
 11917 | D:10     | Killed a death yak
 11918 | D:10     | Reached XP level 11. HP: 37/48 MP: 3/23
 12058 | D:10     | Found a staircase to the Lair.
 12084 | D:10     | Killed a death yak
 12089 | D:10     | Killed a death yak
 12097 | D:10     | Killed a death yak
 12099 | D:10     | Killed a death yak
 12100 | D:10     | Reached skill level 10 in Summonings
 12533 | D:10     | Found a large runed translucent door.
 12534 | D:10     | Found a large runed translucent door.
 12852 | D:11     | Noticed Josephine
 12857 | D:11     | Killed Josephine
 13032 | D:11     | Found a staircase to the Orcish Mines.
 13931 | D:11     | Noticed Grum
 13941 | D:11     | Killed Grum
 14173 | D:11     | Noticed Fannar
 14182 | D:11     | Killed Fannar
 14183 | D:11     | Gained mutation: Your thick and shaggy fur keeps you warm.
                  | (AC +3, rC+) [Felid growth]
 14183 | D:11     | Reached XP level 12. HP: 52/52 MP: 15/25
 14438 | D:11     | Identified a scroll of acquirement
 14441 | D:11     | Acquired 962 gold pieces
 14577 | D:12     | Reached skill level 11 in Summonings
 15346 | D:12     | Noticed Kirke
 15368 | D:12     | Killed Kirke
 15369 | D:12     | Reached skill level 1 in Evocations
 15575 | D:12     | Noticed a two-headed ogre
 15582 | D:12     | Killed a two-headed ogre
 16215 | D:13     | Noticed Lodul
 16232 | D:13     | HP: 2/49 [Lodul/+4 dire flail of draining (16)]
 16233 | D:13     | Killed Lodul
 16620 | D:13     | Noticed Urug
 16641 | D:13     | Killed Urug
 16642 | D:13     | Reached XP level 13. HP: 57/57 MP: 7/27
 17121 | D:13     | Noticed Maurice
 17127 | D:13     | Reached skill level 10 in Spellcasting
 17134 | D:13     | Killed Maurice
 17318 | D:13     | Reached skill level 10 in Dodging
 17897 | D:13     | Found a gate to the Vaults.
 18475 | D:14     | Reached skill level 12 in Summonings
 19394 | D:15     | Entered Level 15 of the Dungeon
 19505 | D:15     | Reached skill level 10 in Air Magic
 19834 | D:15     | Noticed a dire elephant
 20116 | Lair:1   | Entered Level 1 of the Lair of Beasts
 21038 | Lair:1   | Reached XP level 14. HP: 63/63 MP: 19/30
 21551 | Lair:1   | Bought a book of Beasts for 380 gold pieces
 21551 | Lair:1   | Bought a Fen Folio for 420 gold pieces
 21556 | Lair:1   | Bought a ring of wizardry for 510 gold pieces
 21564 | Lair:1   | Learned a level 5 spell: Summon Mana Viper
 21570 | Lair:1   | Learned a level 5 spell: Summon Forest
 21578 | Lair:1   | Learned a level 7 spell: Monstrous Menagerie
 21790 | Lair:2   | Identified the +1 robe of Lebotege {-Tele rElec rPois rF+}
 21918 | Lair:2   | Noticed Amaemon
 21928 | Lair:2   | Killed Amaemon
 22224 | Lair:2   | Reached skill level 1 in Translocations
 22393 | Lair:2   | Found a frozen archway.
 22625 | Lair:2   | Reached skill level 5 in Evocations
 22894 | Lair:2   | Learned a level 6 spell: Summon Cactus Giant
 22901 | Lair:2   | Identified the +3 ring mail of Autumn {Fly Int-5 SInv}
 23068 | Lair:3   | Reached skill level 13 in Summonings
 23298 | Lair:3   | You fall into a shaft and drop 2 floors!
 23298 | Lair:5   | Entered Level 5 of the Lair of Beasts
 24895 | Lair:4   | Found a runed translucent door.
 24895 | Lair:4   | Found a viscous altar of Jiyva.
 24896 | Lair:4   | Found a staircase to the Slime Pits.
 25090 | Lair:3   | Found a glowing silver altar of Zin.
 25107 | Lair:3   | Found a staircase to the Swamp.
 25175 | Lair:3   | Found a hole to the Spider Nest.
 26019 | Lair:3   | Noticed Gastronok
 26036 | Lair:3   | Killed Gastronok
 26037 | Lair:3   | Reached XP level 15. HP: 67/67 MP: 5/32
 26499 | Lair:5   | Reached skill level 5 in Translocations
 28125 | Lair:5   | Reached skill level 14 in Summonings
 28291 | Lair:5   | Learned a level 5 spell: Yara's Violent Unravelling
 28927 | Lair:5   | Reached skill level 1 in Transmutations
 29043 | Lair:5   | Identified the +3 chain mail "Vulefan" {-Tele Rampage
                  | Slay+5}
 29496 | Orc:1    | Entered Level 1 of the Orcish Mines
 29651 | Orc:1    | Noticed Harold
 29659 | Orc:1    | Killed Harold
 29992 | Orc:1    | Found a dark tunnel.
 30157 | Orc:2    | Entered Level 2 of the Orcish Mines
 30341 | Orc:2    | Found a staircase to the Elven Halls.
 32171 | Orc:2    | Found Qeq Ero's Jewellery Shoppe.
 32171 | Orc:2    | Found Leoh's Jewellery Emporium.
 32172 | Orc:2    | Found Faikahud's Magic Scroll Emporium.
 32176 | Orc:2    | Found Teckit's Jewellery Shoppe.
 32180 | Orc:2    | Bought an amulet of magic regeneration for 540 gold pieces
 32181 | Orc:2    | Bought a scroll of teleportation for 54 gold pieces
 32745 | Swamp:1  | Entered Level 1 of the Swamp
 32811 | Swamp:1  | Paralysed by a hornet for 2 turns
 32812 | Swamp:1  | Slain by a hornet
 32813 | Swamp:1  | Reached XP level 14. HP: 0/65 MP: 7/31
 32897 | Lair:3   | Upgraded the game from 0.30-a0-840-ga523dec638 to
                  | 0.30-a0-845-g7c6808c8ce
 33048 | Swamp:1  | Reached skill level 10 in Fighting
 33255 | Swamp:2  | Reached XP level 15. HP: 26/69 MP: 6/32
 33695 | Swamp:2  | Noticed a fenstrider witch
 33708 | Swamp:2  | Killed a fenstrider witch
 33944 | Swamp:2  | Reached skill level 10 in Unarmed Combat
 34331 | Swamp:2  | Got the Compilation of the Salmon
 34750 | Swamp:3  | Reached skill level 15 in Summonings
 34911 | Swamp:3  | Bought a book of Spatial Translocations for 216 gold pieces
 34914 | Swamp:3  | Learned a level 2 spell: Blink
 35383 | Swamp:3  | Killed from afar by an eleionoma
 35384 | Swamp:3  | Reached XP level 14. HP: -3/66 MP: 12/32
 35694 | Swamp:4  | Entered Level 4 of the Swamp
 36320 | Swamp:4  | Noticed a fenstrider witch
 36323 | Swamp:4  | Killed a fenstrider witch
 36570 | Swamp:4  | Reached XP level 15. HP: 60/71 MP: 12/33
 36653 | Swamp:4  | Reached skill level 5 in Transmutations
 37257 | Swamp:4  | Identified the +2 short sword "Raofewn" {distort, rC+
                  | Str+6}
 37569 | Swamp:4  | Got a decaying rune of Zot
 37719 | Spider:1 | Entered Level 1 of the Spider Nest
 38136 | Spider:1 | Reached skill level 16 in Summonings
 38245 | Spider:1 | Reached skill level 10 in Translocations
 38340 | Spider:1 | Identified the +1 robe of Piusu {rF++}
 38860 | Spider:1 | Noticed Rupert
 38887 | Spider:1 | Killed Rupert
 39203 | Spider:2 | Identified the +10 sling "Kachemno" {elec, rN+}
 39592 | Spider:2 | Noticed an emperor scorpion
 39603 | Spider:2 | Reached XP level 16. HP: 55/76 MP: 13/34
 41348 | Spider:3 | Identified the +1 ring mail of Shielding {Will- Dex+9}
 42134 | Spider:3 | Bought a potion of magic for 104 gold pieces
 42134 | Spider:3 | Bought a potion of magic for 104 gold pieces
 42134 | Spider:3 | Bought a potion of heal wounds for 65 gold pieces
 42408 | Spider:4 | Entered Level 4 of the Spider Nest
 42788 | Spider:4 | Reached skill level 15 in Dodging
 43181 | Spider:4 | Reached skill level 17 in Summonings
 43363 | Spider:4 | HP: 3/78 [pharaoh ant (22)]
 43363 | Spider:4 | Slain by a pharaoh ant
 43364 | Spider:4 | Reached XP level 15. HP: -3/71 MP: 27/34
 43457 | Spider:4 | Reached XP level 16. HP: 67/78 MP: 0/35
 44208 | Spider:4 | HP: 1/79 [spark wasp (15)]
 44208 | Spider:4 | Slain by a sun moth

Illustrated notes

Levels and vault maps discovered:
D:1:      dpeg_arrival_tiny_h, layout_basic,
          shapermc_ecumenical_altar_mp_urbaneastern
D:2:      layout_loops_corners, uniq_terence
D:3:      layout_basic, serial_bayou, serial_bayou_lagoon_a,
          serial_bayou_pond_d, serial_bayou_lake_a, serial_bayou_lagoon_b,
          nicolae_elevator_lobby_asterisk, uniq_natasha
D:4:      layout_basic, serial_shops, shop_statue, kennysheep_cluttered_room
D:5:      layout_loops_corners, minmay_temple_entry_enclosed_plants,
          minmay_misc_feat_cross, glass_columns_a, roderic_lattice_a
D:6:      layout_cave_pools, cheibrodos_sewer_entry_bend, uniq_edmund
D:7:      layout_loops_ring, nicolae_titane
D:8:      kennysheep_kobold_camp, layout_rooms, amcnicky_altar_gilded,
          serial_aquarium, aquarium_bridge_square [aquarium_subvault_wall,
          aquarium_subvault_window, aquarium_subvault_bridge,
          aquarium_subvault_window], aquarium_window_2, aquarium_window_1,
          aquarium_view_2c, aquarium_view_2e, aquarium_balcony_5a,
          aquarium_pool_side, roderic_serpentine_path, minmay_misc_feat_hallway,
          minmay_fountain_box, moated_statue
D:9:      layout_loops_ring, hive_lemuel
D:10:     layout_basic, jmf_multi_god_temple2, dpeg_lair_monsters,
          nrook_mini_vaults, minmay_misc_feat_roman, interstate_on_off
D:11:     layout_irregular_city, zombieorc1_lemuel, laboratory, uniq_fannar,
          uniq_grum, uniq_josephine
D:12:     layout_stronghold, minivault_16, uniq_kirke
D:13:     layout_roguey, david_vaults_5, minmay_misc_feat_more_columns,
          uniq_lodul, uniq_maurice, uniq_urug
D:14:     layout_irregular_city, nrook_uturn, chequers_big_river,
          grunt_decor_cap
D:15:     hangedman_depths_entry_try_elsewhere_first, layout_loops_cross,
          nicolae_trove_entry_crystal, serial_shops, shop, glass_columns_a,
          minmay_splitting_lines, minmay_strange_pillars, minivault_11,
          uniq_agnes
Temple:   nicolae_temple_bog_church
Lair:1:   layout_regular_city, serial_rivers, chequers_serial_rivers_small_a,
          chequers_serial_rivers_small_3, chequers_serial_rivers_small_a,
          chequers_serial_rivers_micro_e, st_stairs_4, wad_woods_03
Lair:2:   layout_loops_ring, portal_ice_cave_demonic_guard, uniq_amaemon
Lair:3:   mu_elephants_graveyard, layout_chaotic_city,
          skrybe_swamp_entry_bodies, nicolae_spider_entry_lesser_pyramids,
          basic_altar, uniq_gastronok
Lair:4:   layout_gridlike, slime_entry_2, nicolae_lair_lil_pond,
          cheibrodos_lair_reptile_den, grunt_megastairs_5, serial_bayou_shore_a
Lair:5:   due_jungle_book, layout_small_grid, nicolae_lair_run_with_the_wolves,
          grunt_megastairs_2
Swamp:1:  layout_basic_swamp, evilmike_swamp_ruin_house_4
Swamp:2:  nzn_winding_woodlands_three_and_one
          [nzn_winding_woodlands_5x15_garden, nzn_winding_woodlands_5x15_eye,
          nzn_winding_woodlands_5x15_pathside_ponds,
          nzn_winding_woodlands_center_garden], layout_basic_swamp,
          wheals_swamp_sinkhole, infiniplex_staircase_pool_2
Swamp:3:  layout_basic_swamp, nicolae_swamp_very_dense_foliage
Swamp:4:  swamp_basic_johnstein, layout_basic_swamp
Spider:1: layout_spider_delve, nicolae_spider_webbed_stairs, uniq_rupert
Spider:2: layout_spider_delve
Spider:3: layout_chambers
Spider:4: grunt_spider_rune_island, nicolae_spider_undead_wolf_pack
Orc:1:    layout_caves, nicolae_volcano_entry_vermiform, uniq_harold
Orc:2:    st_orc_mages, layout_caves, basic_altar

Skill      XL: |  1  2  3  4  5  6  7  8  9 10 11 12 13 14 15 16 |
---------------+-------------------------------------------------+-----
Summonings     | 5 6 7 8 9 10 11 12 13 16 17 | 17.2
Hexes          | 1 2 3 4 5 |  5.7
Spellcasting   | 3 4 5 6 7 8 9 11 12 13 14 | 14.1
Dodging        | 3 4 5 6 7 8 9 10 11 14 15 | 15.3
Air Magic      | 1 2 4 5 6 8 9 10 | 10.0
Fighting       | 1 2 3 4 5 6 7 8 11 12 13 | 13.7
Unarmed Combat | 1 3 4 5 6 7 8 11 | 11.9
Evocations     | 2 4 6 8 |  8.0
Translocations | 9 10 | 10.0
Transmutations | 6 8 |  8.1
Stealth        | |  2.6

Action                     |  1- 3 |  4- 6 |  7- 9 | 10-12 | 13-15 | 16-18 || total
---------------------------+-------+-------+-------+-------+-------+-------++-------
  Melee: Unarmed           |    18 |    38 |    10 |    46 |   153 |    21 ||   286
         Bite              |     1 |    11 |       |     7 |    31 |     4 ||    54
         Punch             |       |       |       |     1 |    13 |     4 ||    18
   Cast: Summon Small Mamm |    32 |    26 |     2 |       |       |       ||    60
         Call Imp          |     6 |    18 |     8 |     7 |     7 |       ||    46
         Call Canine Famil |     7 |    26 |    26 |    40 |    74 |    24 ||   197
         Summon Guardian G |       |     3 |    24 |    61 |    70 |       ||   158
         Summon Lightning  |       |       |    28 |    65 |   168 |     9 ||   270
         Monstrous Menager |       |       |       |       |   273 |   100 ||   373
         Summon Cactus Gia |       |       |       |       |    84 |    37 ||   121
         Summon Mana Viper |       |       |       |       |    71 |    33 ||   104
         Summon Forest     |       |       |       |       |    21 |     1 ||    22
         Blink             |       |       |       |       |     5 |     6 ||    11
 Invoke: Call Merchant     |       |       |       |       |     6 |     1 ||     7
         Potion Petition   |       |       |       |       |       |     1 ||     1
  Evoke: Wand              |       |       |       |    14 |    23 |     1 ||    38
         Lightning rod     |       |       |       |     2 |    20 |     7 ||    29
         Phial of floods   |       |       |       |       |     3 |       ||     3
         Phantom mirror    |       |       |       |       |     2 |       ||     2
    Use: Scroll            |       |       |    15 |    10 |    12 |     2 ||    39
         Potion            |       |       |       |     7 |    11 |     4 ||    22
   Stab: Distracted        |     1 |       |     1 |     3 |     4 |       ||     9
         Sleeping          |       |       |       |     1 |       |       ||     1
         Confused          |       |       |       |       |     1 |       ||     1
         Invisible         |       |       |       |       |       |     1 ||     1
 Armour: Skin              |     1 |     1 |     5 |     1 |    15 |     4 ||    27
  Dodge: Dodged            |    16 |    44 |    46 |    82 |   316 |   125 ||   629

Table legend: (Time is in decaauts)
 A = Elapsed time spent in this place.
 B = Non-inter-level travel time spent in this place.
 C = Inter-level travel time spent in this place.
 D = Time resting spent in this place.
 E = Time spent auto-exploring this place.
 F = Levels seen in this place.
 G = Mean time per level.
                   A        B        C        D        E       F      G
               +--------+--------+--------+--------+--------+-----+--------+
         Total |  40231 |  39091 |   1140 |   1519 |  29885 |  32 | 1257.2 |
       Dungeon |  17220 |  16720 |    500 |    560 |  12820 |  15 | 1148.0 |
        Temple |    143 |    138 |      5 |      0 |    119 |   1 |  143.0 |
          Lair |   8656 |   8307 |    349 |    329 |   6586 |   5 | 1731.2 |
         Swamp |   4760 |   4606 |    154 |    361 |   3215 |   4 | 1190.0 |
   Spider Nest |   5879 |   5827 |     52 |    166 |   4418 |   4 | 1469.8 |
  Orcish Mines |   2900 |   2824 |     76 |     96 |   2333 |   2 | 1450.0 |
         Sewer |    670 |    670 |      0 |      7 |    391 |   1 |  670.0 |
               +--------+--------+--------+--------+--------+-----+--------+

Top non-repeatable levels by time:
  Lair:5: 3147 daAuts
   Orc:2: 2145 daAuts
Spider:3: 1882 daAuts
 Swamp:4: 1853 daAuts
    D:13: 1708 daAuts
    D:11: 1601 daAuts
Spider:4: 1601 daAuts
  Lair:3: 1528 daAuts
    D:12: 1481 daAuts
 Swamp:2: 1416 daAuts
  Lair:1: 1356 daAuts
Spider:1: 1337 daAuts
    D:14: 1323 daAuts
  Lair:2: 1318 daAuts
  Lair:4: 1306 daAuts
